 Dungeon Crawl Stone Soup version 0.31-a0-765-g67fe2935dc (webtiles) character file.

Game seed: 16036419956524212433

2402 quakins the Grappler (level 9, -3/84 HPs)
             Began as a Troll Shapeshifter on Sept 15, 2023.
             Was a Follower of Okawaru.
             Slain by an unseen horror (9 damage)
             ... on level 7 of the Dungeon.
             The game lasted 00:07:10 (3914 turns).

quakins the Grappler (Troll Shapeshifter)           Turns: 3914, Time: 00:07:11

Health: -3/84      AC:  4    Str: 32    XL:     9   Next: 23%
Magic:  8/8        EV: 10    Int:  5    God:    Okawaru [*.....]
Gold:   233        SH:  0    Dex: 14    Spells: 8/8 levels left

rFire   + .          .
                       - Unarmed
rCold   . . .        (no shield)
rNeg    . . .        a - +0 animal skin
rPois   .            (helmet currently unavailable)
rElec   .            (cloak currently unavailable)
rCorr   .            (gloves unavailable)
SInv    .            (boots unavailable)
Will    .....        (no amulet)
Stlth   +            B - +4 ring of slaying
HPRegen 1.14/turn    r - +6 ring of dexterity
MPRegen 0.11/turn

%: no passive effects
@: beast-form
A: beast (slay +4), large, unfitting armour, claws 3, regeneration 1, shaggy fur
1, tough skin 1, fangs 1, fire resistance 1, strong 1
a: Begin Untransformation, Renounce Religion, Heroism


You were on level 7 of the Dungeon.
You worshipped Okawaru.
Okawaru was aware of your devotion.
You were a hulking beast.
You visited 2 branches of the dungeon, and saw 8 of its levels.

You collected 233 gold pieces.

Inventory:

Missiles
 b - 6 large rocks
 l - 2 throwing nets
 s - 9 boomerangs
Armour
 a - a +0 animal skin (worn)
Jewellery
 r - a +6 ring of dexterity (right claw)
 B - a +4 ring of slaying (left claw)
Talismans
 c - a beast talisman (active)
 d - a flux talisman
Wands
 t - a wand of flame (12)
 u - a wand of charming (13)
Scrolls
 e - a scroll of brand weapon {unknown}
 f - 2 scrolls of revelation {unknown}
 i - 2 scrolls of enchant weapon {unknown}
 k - a scroll of vulnerability {unknown}
 m - 2 scrolls of fear {unknown}
 n - 7 scrolls of identify {unknown}
 v - 2 scrolls of fog {unknown}
 y - a scroll of noise {unknown}
 A - a scroll of teleportation {unknown}
Potions
 g - 2 potions of mutation
 h - 2 potions of degeneration {unknown}
 j - 2 potions of heal wounds {unknown}
 p - a potion of haste {unknown}
 q - a potion of curing {unknown}
 w - 2 potions of might {unknown}
 x - a potion of resistance {unknown}
 z - a potion of brilliance {unknown}


   Skills:
 - Level 4.0 Fighting
 - Level 1.5 Dodging
 + Level 9.7 Unarmed Combat
 - Level 7.0 Shapeshifting


You had 8 spell levels left.
You didn't know any spells.
Your spell library contained the following spells:

 Spells                   Type           Power      Damage    Failure   Level
 Necrotise                Necr           0%         1d4       47%         1
 Cigotuvi's Dreadful Rot  Necr/Pois/Air  0%         N/A       63%         2
 Hailstorm                Conj/Ice       0%         3d3       85%         3
 Ignite Poison            Fire/Tmut/Pois 0%         N/A       85%         3
 Vampiric Draining        Necr           0%         2d6       85%         3
 Agony                    Necr           0%         N/A       100%        5
 Freezing Cloud           Conj/Ice/Air   0%         6-21      100%        5
 Summon Ice Beast         Ice/Summ       Unusable   N/A       N/A         4
 Simulacrum               Ice/Necr       Unusable   N/A       N/A         6

Dungeon Overview and Level Annotations

Branches:
Dungeon (7/15)             Temple (1/1) D:6

Altars:
Ashenzari
Elyvilon
Fedhas
Gozag
Hepliaklqana
Makhleb
Okawaru
Ru
Sif Muna
Uskayaw
Xom
Yredelemnul
Zin
The Shining One

Shops:
D:2 ?   D:4 :

Annotations:
D:7 1 exclusion


Innate Abilities, Weirdness & Mutations

You are a hulking beast.
Your limbs bulge with bestial killing power. (Slay +4)
You are too large for most types of armour.
You have claws for hands.
Your natural rate of healing is unusually fast.
You are covered in fur. (AC +1)
You have tough skin. (AC +1)
You have very sharp teeth.
Your flesh is heat resistant. (rF+)
Your muscles are strong. (Str +4, Int/Dex -1)


Message History

b - 6 large rocks The orc wizard casts a spell at you.
You easily resist.
You barely miss the orc wizard. The orc wizard barely misses you.
You closely miss the orc wizard. You mangle the orc wizard!!
You kill the orc wizard!
Okawaru accepts your kill.
Things that are here:
a +0 dagger; a +0 robe
n - 7 scrolls labelled POETIS ITHOR (gained 1)
There is a strange disturbance nearby!
There is a strange disturbance nearby!
There is a strange disturbance nearby!
There is a strange disturbance nearby!
Something hits you.
Deactivating autopickup; reactivate with Ctrl-A.
You closely miss something. Something hits you.
You mangle something!! Something hits you! Something hits you! x3
Things that are here:
a +0 dagger; a +0 robe Something hits you! x2
* * * LOW HITPOINT WARNING * * *
A jelly comes into view.
Something hits you but does no damage.
The jelly quivers.
Something hits you!
* * * LOW HITPOINT WARNING * * *
You closely miss something. Something hits you.
* * * LOW HITPOINT WARNING * * *
Something hits you!
* * * LOW HITPOINT WARNING * * *
You scratch something. Something hits you!
* * * LOW HITPOINT WARNING * * *
Something hits you but does no damage.
It was a potion of mutation.
You feel extremely strange.
You feel resistant to heat.
Your teeth lengthen and sharpen.
You feel stronger. Something hits you!
You die...

...#####..#..
..........##.#
...####...##.#
....### ##.### ##
.##...#### #... ..
## .
###....###..##.###..
. ####...#........#
# ###.#..###!##.#
#.#..).hJ..#
#.#.#.####..#
#.)..## .# #..†.#
##..## #..# #..#
#..# #..#


You could see a jelly.

Vanquished Creatures
  A cyclops (D:7)
  Grinder (D:3)
  Sigmund (D:2)
  A steam dragon (D:7)
  A black bear (D:4)
  An ogre (D:7)
  A centaur (D:4)
  3 phantoms
  Blork the orc (D:4)
  2 bullfrogs
  4 scorpions
  2 hounds
  2 jellies
  A gnoll bouda (D:5)
  2 orc priests
  5 iguanas
  Natasha (thrice) (D:4)
  3 orc wizards
  4 gnolls (D:5)
  5 adders
  A white imp (D:5)
  2 worms
  4 dart slugs
  16 orcs
  6 endoplasms
  3 giant cockroaches
  9 goblins
  5 hobgoblins
  3 jackals (D:4)
  4 quokkas
  2 ball pythons
  6 bats
  2 frilled lizards
  6 kobolds
  4 rats
117 creatures vanquished.

Notes
Turn   | Place    | Note
-------+----------+-------------------------------------------
     0 | D:1      | quakins the Troll Shapeshifter began the quest for the Orb.
     0 | D:1      | Reached XP level 1. HP: 18/18 MP: 0/0
   420 | D:1      | Reached XP level 2. HP: 26/26 MP: 1/1
   575 | D:1      | You fall into a shaft and drop 1 floor!
   590 | D:2      | Found a faded altar of an unknown god.
   671 | D:2      | Reached skill level 4 in Unarmed Combat
   731 | D:2      | Reached XP level 3. HP: 32/32 MP: 2/2
   957 | D:2      | Found Uclicli's Magic Scroll Emporium.
   969 | D:2      | Noticed Sigmund
  1214 | D:3      | Noticed Grinder
  1217 | D:3      | Paralysed by Grinder for 2 turns
  1224 | D:3      | Killed Grinder
  1225 | D:3      | Reached skill level 6 in Unarmed Combat
  1225 | D:3      | Reached XP level 4. HP: 20/40 MP: 3/3
  1225 | D:3      | Reached XP level 5. HP: 23/46 MP: 4/4
  1469 | D:3      | Reached XP level 6. HP: 52/54 MP: 5/5
  1800 | D:2      | Killed Sigmund
  1801 | D:2      | Reached skill level 5 in Shapeshifting
  1934 | D:4      | Reached XP level 7. HP: 60/61 MP: 6/6
  2155 | D:4      | Noticed Natasha
  2157 | D:4      | Killed Natasha
  2167 | D:4      | Reached skill level 1 in Fighting
  2220 | D:4      | Found a glowing silver altar of Zin.
  2220 | D:4      | Noticed an angel
  2319 | D:4      | Noticed Natasha
  2326 | D:4      | Killed Natasha
  2328 | D:4      | Found Upsom Moc's Vocational Training.
  2328 | D:4      | Noticed Blork the orc
  2336 | D:4      | Killed Blork the orc
  2519 | D:4      | Noticed Natasha
  2524 | D:4      | Killed Natasha
  2539 | D:5      | Entered Level 5 of the Dungeon
  2592 | D:5      | Reached XP level 8. HP: 63/74 MP: 7/7
  3199 | D:6      | Reached skill level 7 in Unarmed Combat
  3456 | D:6      | Found a staircase to the Ecumenical Temple.
  3512 | Temple   | Entered the Ecumenical Temple
  3523 | Temple   | Became a worshipper of Warmaster Okawaru
  3702 | D:7      | Noticed a troll
  3754 | D:7      | Found a hide-covered altar of Uskayaw.
  3760 | D:7      | Reached skill level 8 in Unarmed Combat
  3766 | D:7      | Identified the +2 long sword "Quenuyc" {pain, Drain rElec
                  | rPois Str+5}
  3857 | D:7      | Noticed a cyclops
  3867 | D:7      | Killed a cyclops
  3867 | D:7      | Reached * piety under Okawaru
  3868 | D:7      | Reached skill level 9 in Unarmed Combat
  3868 | D:7      | Reached XP level 9. HP: 61/84 MP: 8/8
  3914 | D:7      | Gained mutation: Your flesh is heat resistant. (rF+)
                  | [potion of mutation]
  3914 | D:7      | Gained mutation: You have very sharp teeth. [potion of
                  | mutation]
  3914 | D:7      | Gained mutation: Your muscles are strong. (Str +4, Int/Dex
                  | -1) [potion of mutation]
  3914 | D:7      | Slain by an unseen horror

Illustrated notes

Levels and vault maps discovered:
D:1:      minmay_arrival_up_and_down, layout_basic
D:2:      layout_rooms, serial_shops, shop, dreamdust_ecumenical_altar_grove,
          uniq_sigmund
D:3:      layout_basic, uniq_grinder
D:4:      layout_loops_ring, zin_angel, nicolae_shop_vocational,
          uniq_blork_the_orc, uniq_natasha
D:5:      layout_basic
D:6:      layout_rooms, minmay_temple_entry_gardened_gates
D:7:      layout_layer_cave, eat_drink_and_be_merry_uskayaw,
          minmay_shattered_shrine
Temple:   hellmonk_temple_forest_ring

Skill      XL: |  1  2  3  4  5  6  7  8 |
---------------+-------------------------+-----
Unarmed Combat | 4 6 9 |  9.7
Shapeshifting  | 4 5 7 |  7.0
Fighting       | 2 4 |  4.0
Dodging        | |  1.5

Action                     |  1- 3 |  4- 6 |  7- 9 || total
---------------------------+-------+-------+-------++-------
  Melee: Unarmed           |    88 |    47 |   137 ||   272
         Punch             |       |     2 |     3 ||     5
    Use: Potion            |       |       |     2 ||     2
   Stab: Sleeping          |     1 |       |       ||     1
 Armour: Animal skin       |    63 |    31 |   108 ||   202
         Skin              |       |       |     7 ||     7
  Dodge: Dodged            |    37 |    16 |    67 ||   120

Table legend: (Time is in decaauts)
 A = Elapsed time spent in this place.
 B = Non-inter-level travel time spent in this place.
 C = Inter-level travel time spent in this place.
 D = Time resting spent in this place.
 E = Time spent auto-exploring this place.
 F = Levels seen in this place.
 G = Mean time per level.
                   A        B        C        D        E       F      G
               +--------+--------+--------+--------+--------+-----+--------+
         Total |   3883 |   3681 |    202 |     55 |   2789 |   8 |  485.4 |
       Dungeon |   3860 |   3678 |    182 |     55 |   2789 |   7 |  551.4 |
        Temple |     22 |      2 |     20 |      0 |      0 |   1 |   22.0 |
               +--------+--------+--------+--------+--------+-----+--------+

Top non-repeatable levels by time:
     D:3: 801 daAuts
     D:4: 693 daAuts
     D:5: 593 daAuts
     D:1: 572 daAuts
     D:6: 531 daAuts
     D:2: 454 daAuts
     D:7: 213 daAuts
  Temple: 22 daAuts
